 Dungeon Crawl Stone Soup version 0.21-a0-153-g78480df (webtiles) character file.

50 grisnicke the Skirmisher (level 4, 0/34 HPs)
             Began as a Human Wanderer on July 31, 2017.
             Succumbed to an adder's poison
             ... on level 1 of the Dungeon.
             The game lasted 00:06:11 (2108 turns).

grisnicke the Skirmisher (Human Wanderer)           Turns: 2108, Time: 00:06:12

Health: 0/34       AC:  6    Str: 11    XL:     4   Next: 4%
Magic:  7/7        EV: 14    Int: 14    God:
Gold:   18         SH:  0    Dex: 18    Spells: 7/7 levels left

rFire    . . .     SeeInvis .   k - -1 mace (curse)
rCold    . . .     Gourm    .   (no shield)
rNeg     . . .     Faith    .   b - +0 ring mail
rPois    .         Spirit   .   (no helmet)
rElec    .         Reflect  .   (no cloak)
rCorr    .         Harm     .   j - +0 pair of gloves
MR       .....                  (no boots)
Stlth    ++........             (no amulet)
HPRegen  0.11/turn              (no ring)
MPRegen  0.10/turn              (no ring)

@: agile, lethally poisoned (0 -> -11)
A: no striking features
a: no special abilities


You were on level 1 of the Dungeon.
You were not hungry.

You visited 1 branch of the dungeon, and saw 2 of its levels.

You collected 18 gold pieces.

Inventory:

Hand Weapons
 a - a +0 short sword
   (You took it off a kobold on level 1 of the Dungeon)
 d - a +0 dagger
 k - a cursed -1 mace (weapon)
   (You found it on level 2 of the Dungeon)
Missiles
 m - 16 stones (quivered)
Armour
 b - a +0 ring mail (worn)
 j - a +0 pair of gloves (worn)
   (You found it on level 1 of the Dungeon)
 l - a +0 robe
   (You found it on level 1 of the Dungeon)
Potions
 h - 2 potions of agility
Books
 e - a book of Minor Magic
Comestibles
 f - 3 bread rations {@e1}
 g - 2 chunks of flesh {@w0}
 i - 5 fruits


   Skills:
 + Level 2.9 Fighting
 + Level 2.2 Armour
 - Level 1.4 Stealth
   Level 1.0 Shields
 - Level 2.1 Spellcasting
   Level 1.0 Necromancy
   Level 2.0 Poison Magic


You had 7 spell levels left.
You didn't know any spells.

Dungeon Overview and Level Annotations

Branches:
Dungeon (2/15)

Altars:


Message History

The giant cockroach bites you but does no damage. x2
You hit the giant cockroach.
The giant cockroach bites you but does no damage.
You hit the giant cockroach. The giant cockroach barely misses you.
The giant cockroach bites you but does no damage.
You hit the giant cockroach.
You kill the giant cockroach!
A dart slug comes into view.
You hit the dart slug. The dart slug barely misses you.
You hit the dart slug. The dart slug launches a dart at you.
The slug dart misses you.
You hit the dart slug. The dart slug barely misses you.
You hit the dart slug. The dart slug launches a dart at you.
The slug dart misses you.
You hit the dart slug.
You kill the dart slug!
You have reached level 4!
You feel agile.
Health restored: 34; MP restored: 7 You see here a dart slug corpse.
You butcher the dart slug corpse.
g - 2 chunks of flesh {@w0} An adder and a gnoll come into view.
The gnoll shouts!
A gnoll comes into view. It is wielding a spear.
You see here 2 fruits.
i - 5 fruits (gained 2)
The gnoll shouts!
The gnoll moves out of view.
The adder bites you but does no damage. The adder barely misses you.
The adder bites you.
You are poisoned.
The adder poisons you!
There is a stone staircase leading up here.
You take 1 damage, and have 33/34 hp.
You miss the adder.
You feel sick. The adder closely misses you.
You take 1 damage, and have 32/34 hp.
You miss the adder. The adder bites you. The adder closely misses you.
You take 2 damage, and have 30/34 hp.
You barely miss the adder.
You feel sick. The adder barely misses you. The adder bites you.
You take 5 damage, and have 25/34 hp.
The adder barely misses you.
You climb upwards.
There is a stone staircase leading down here.
Your ring mail prevents you from hitting the adder.
You feel sick. The adder bites you but does no damage. The adder bites you.
You take 3 damage, and have 23/34 hp.
You miss the adder. The adder barely misses you. The adder bites you.
You take 4 damage, and have 19/34 hp.
You barely miss the adder. The adder bites you. The adder closely misses you.
You take 2 damage, and have 17/34 hp.
You hit the adder.
You feel sick.
You are no longer poisoned.
The adder bites you. x2
* * * LOW HITPOINT WARNING * * *
You are poisoned.
The adder poisons you!
You take 7 damage, and have 10/34 hp.
MASSIVE DAMAGE!!
You feel better. The adder bites you.
You regained 9 hp, and now have 19/34 hp.
You closely miss the adder. The adder closely misses you.
The adder barely misses you.
You miss the adder. The adder bites you but does no damage.
The adder bites you.
You take 3 damage, and have 16/34 hp.
You miss the adder. The adder bites you but does no damage.
You closely miss the adder. The adder bites you.
You are poisoned.
The adder poisons you! The adder bites you.
You take 5 damage, and have 11/34 hp.
You miss the adder.
You feel sick.
The adder bites you but does no damage. x2
You take 1 damage, and have 10/34 hp.
You barely miss the adder.
You feel sick.
The adder bites you but does no damage. x2
You take 1 damage, and have 9/34 hp.
You miss the adder. The adder bites you.
* * * LOW HITPOINT WARNING * * *
You are lethally poisoned!
The adder poisons you! The adder bites you but does no damage.
You take 3 damage, and have 6/34 hp.
Okay, then.
It was a potion of agility.
You feel agile all of a sudden.
* * * LOW HITPOINT WARNING * * *
You feel sick. The adder closely misses you.
You sock the adder!
* * * LOW HITPOINT WARNING * * *
You feel sick. The adder misses you. The adder bites you.
* * * LOW HITPOINT WARNING * * *
You are more poisoned.
The adder poisons you!
You take 5 damage, and have 1/34 hp.
Unknown command.
You closely miss the adder.
You die...

..#............###.#...######.###
#.#............#........# #.# #
#..............#.#......### #.###
#..............#..........###....
#..................).......##.###
##..........................#.#
##..#...........##...#..#.#.#.#
.......########.#...........#.#
....).........))@.............#
.......##.##.##.S.......#.#...#
####+####.##.##.#..###..#.#.###
#.####'##'##.#..# #..#.#.##
#............#..# #.......#
#..............#####.######
##...............# ### ###
#.###'##'##.....# ..#
#..##.##.##.....#


You could see an adder.

Vanquished Creatures
  An ooze (D:1)
  3 dart slugs
  4 bats (D:1)
  3 giant cockroaches
  5 goblins (D:1)
  3 hobgoblins (D:1)
  8 jackals (D:1)
  A frilled lizard (D:1)
  3 kobolds (D:1)
  2 rats (D:1)
33 creatures vanquished.

Notes
Turn   | Place    | Note
-------+----------+-------------------------------------------
     0 | D:1      | grisnicke the Human Wanderer began the quest for the Orb.
     0 | D:1      | grisnicke set off with: a book of Minor Magic, a +0 ring mail, a potion of curing, a +0 dagger, a bread ration {@e1}
     0 | D:1      | Reached XP level 1. HP: 16/16 MP: 3/3
    84 | D:1      | Reached XP level 2. HP: 12/22 MP: 5/5
   311 | D:1      | HP: 5/22 [hobgoblin (3)]
   747 | D:1      | Reached XP level 3. HP: 8/28 MP: 6/6
  1049 | D:1      | HP: 7/28 [jackal (2)]
  1795 | D:1      | Reached skill level 2 in Armour
  2048 | D:2      | Reached XP level 4. HP: 34/34 MP: 7/7
  2105 | D:1      | HP: 6/34 [adder (3)]
  2107 | D:1      | HP: 1/34 [adder (4)]
  2108 | D:1      | Succumbed to an adder's poison

Vault maps used:
D:1:      onia_arrival_pentagram
D:2:      first_bread, okawaru_altar_gauntlet_db, uniq_terence

Skill      XL: |  1  2  3 |
---------------+----------+-----
Armour         | 2 |  2.2
Fighting       | |  2.9
Stealth        | |  1.4
Shields        | |  1.0
Spellcasting   | |  2.1
Necromancy     | |  1.0
Poison Magic   | |  2.0

Action                   |  1- 3 |  4- 6 || total
-------------------------+-------+-------++-------
Melee: Dagger            |   184 |       ||   184
       Short sword       |    32 |       ||    32
       Mace              |     9 |    16 ||    25
  Use: Scroll            |     1 |       ||     1
       Potion            |       |     2 ||     2
 Stab: Sleeping          |     1 |       ||     1
  Eat: Chunk             |     4 |       ||     4
Armor: Ring mail         |    99 |     9 ||   108
Dodge: Dodged            |   109 |    11 ||   120

Vault maps used:
D:1:      onia_arrival_pentagram
D:2:      first_bread, okawaru_altar_gauntlet_db, uniq_terence

Table legend:
 A = Turns spent in this place as a percentage of turns spent in the entire game.
 B = Non-inter-level travel turns spent in this place as a percentage of non-inter-level travel turns spent in the entire game.
 C = Inter-level travel turns spent in this place as a percentage of turns spent in this place.
 D = Turns resting spent in this place as a percentage of non-inter-level travel turns spent in this place.
 E = Turns spent auto-exploring this place as a percentage of non-inter-level travel turns spent in this place.
 F = Non-inter-level travel turns spent in this place divided by the number of levels of this place that you've seen.
                   A       B       C       D       E      F
               +-------+-------+-------+-------+-------+----------------------
         Total | 100.0 | 100.0 |   0.0 |   4.0 |   4.2 | 253.0
       Dungeon | 100.0 | 100.0 |   0.0 |   4.0 |   4.2 | 253.0
               +-------+-------+-------+-------+-------+----------------------

Table legend:
 A = Kills in this place as a percentage of kills in entire the game.
 B = Kills by you in this place as a percentage of kills by you in the entire game.
 C = Kills by friends in this place as a percentage of kills by friends in the entire game.
 D = Other kills in this place as a percentage of other kills in the entire game.
 E = Experience gained in this place as a percentage of experience gained in the entire game.
 F = Experience gained in this place divided by the number of levels of this place that you have seen.
                   A       B       C       D       E      F
               +-------+-------+-------+-------+-------+----------------------
         Total | 100.0 | 100.0 |  -nan |  -nan | 100.0 |  36.0
       Dungeon | 100.0 | 100.0 |  -nan |  -nan | 100.0 |  36.0
               +-------+-------+-------+-------+-------+----------------------
